cohdb
Replays
Latest Replays
All Replays
Popular Replays
Top Player Replays
Match Explorer
How It Works
Community
CoH3 Stats
Reddit
Sign in to upload your games and track your stats! →
Sign in with Steam
Match 42317601
Unlisted
Match 42317601
Overview
Messages
Build Orders
End
Panzergrenadier Squad
Panzergrenadier Squad
Selects Battlefield Espionage Battlegroup
250 Light Carrier
Construct Light Support Kompanie
Selects 250/3 Funkpanzerwagen
250/3 Funkpanzerwagen
MG34 Team
2.5-tonne Medical Truck
Fire Support Elements
Pak 38 Mechanized Group
Construct Panzerarmee Kommand
Selects Anti-Tank Incendiary Munitions
Panzergrenadier Squad
Panzer III L Medium Tank
Panzergrenadier Squad
Vehicle Survival Package
Walking Stuka Rocket Launcher
Assault Mechanized Group
Panzer III L Medium Tank
Selects Intel Disruption Beacon
Selects Transfer Depots
Selects Firestorm
Firestorm
Panzerpioneer Squad
Armored Reserves
Panzerpioneer Squad
Rapid Advance
Emergency Repair Kits
Firestorm
Panzerpioneer Squad
Tiger Heavy Tank
Kradschützen Motorcycle Team
Firestorm
Panzerpioneer Squad
Selects Operation Skorpion
Assault Grenadier Squad
Walking Stuka Rocket Launcher
Panzer IV Assault Group
Tungsten Core Ammunition
Flak 36 Anti-tank Gun Team
2.5-tonne Medical Truck
Flak 36 Anti-tank Gun Team
MG34 Team
XinLuh69
Totally not a Bot
Mustache and Melons
guany
sundr
﴾✯﴿ Makora ﴾✯﴿
0
0
Comments
sign in to comment!
No comments posted yet!